 Dungeon Crawl Stone Soup version 0.22.1-5-g62c59d919a (webtiles) character file.

653 donio6 the Slasher (level 7, -1/61 HPs)
             Began as a Green Draconian Berserker on Jan 10, 2019.
             Was a Believer of Trog.
             Slain by Riddle's ghost (9 damage)
             ... on level 6 of the Dungeon.
             The game lasted 00:25:08 (6933 turns).

donio6 the Slasher (Green Draconian Berserker)      Turns: 6933, Time: 00:25:08

Health: -1/61      AC: 10    Str: 22    XL:     7   Next: 28%
Magic:  7/7        EV: 13    Int:  7    God:    Trog [**....]
Gold:   155        SH:  0    Dex: 10    Spells: 6/6 levels left

rFire    . . .     SeeInvis +   m - +0 falchion
rCold    . . .     Gourm    +   (no shield)
rNeg     . . .     Faith    .   (armour unavailable)
rPois    +         Spirit   .   (helmet restricted)
rElec    .         Reflect  .   v - +0 cloak
rCorr    .         Harm     .   (no gloves)
MR       .....                  b - +2 pair of boots
Stlth    ++........             g - amulet of the gourmand
HPRegen  0.20/turn              c - ring of see invisible
MPRegen  0.10/turn              x - ring of wizardry

@: drained
A: breathe noxious fumes, unfitting armour, poison resistance, cold-blooded, AC
+6
a: Breathe Noxious Fumes, Berserk, Trog's Hand, Renounce Religion


You were on level 6 of the Dungeon.
You worshipped Trog.
Trog was pleased with you.
You were not hungry.

You visited 1 branch of the dungeon, and saw 6 of its levels.

You collected 155 gold pieces.

Inventory:

Hand Weapons
 a - a +0 falchion
 k - a +0 hand axe
 m - a +0 falchion (weapon)
 t - a cursed -3 morningstar
Armour
 b - a +2 pair of boots (worn)
 f - a +0 ring mail
 h - a +0 robe
 l - a +0 scale mail
 n - a +0 chain mail
 o - a +0 robe
 v - a +0 cloak (worn)
 y - cursed +0 pearl dragon scales
Jewellery
 c - a ring of see invisible (left hand)
 g - an amulet of the gourmand (around neck)
 p - an uncursed ring of magical power
 q - a -3 ring of dexterity
 x - a ring of wizardry (right hand)
Scrolls
 i - a scroll of amnesia
 r - a scroll of enchant armour {unknown}
 u - a scroll of immolation {unknown}
 w - a scroll of fog {unknown}
Potions
 e - a potion of flight {unknown}
 j - a potion of brilliance {unknown}
 A - a potion of berserk rage {unknown}
Comestibles
 z - 4 rations


   Skills:
 + Level 5.2(5.0) Fighting
 + Level 6.3(6.1) Long Blades
 + Level 4.3(4.1) Dodging
 + Level 1.7(1.5) Stealth


You had 6 spell levels left.
You didn't know any spells.
Your spell library was empty.

Dungeon Overview and Level Annotations

Branches:
Dungeon (6/15)
 Temple: D:4-7

Altars:
Cheibriados
Elyvilon
Hepliaklqana
Vehumet

Annotations:
D:5 Skull's ghost, novice GrEE; lllmatko's ghost, novice MiBe; purescai's ghost, novice CeAM
D:6 Riddle's ghost, novice FoCK


Innate Abilities, Weirdness & Mutations

You can breathe blasts of noxious fumes.
Your lurid green scales are hard. (AC +6)
You cannot fit into any form of body armour.
Your system is resistant to poisons. (rPois)
You are cold-blooded and may be slowed by cold attacks.


Message History

Riddle's ghost hits you but does no damage.
You closely miss Riddle's ghost.
Riddle's ghost is lightly damaged.
Riddle's ghost hits you!
* * * LOW HITPOINT WARNING * * *
It was a potion of curing.
You feel better. Riddle's ghost barely misses you.
You see here a worker ant corpse.
Riddle's ghost says: "I need scissors!
I think I chipped a nail somewhere..."
You see here a scroll of remove curse.
You see here a ration.
Riddle's ghost is nearby!
You hit Riddle's ghost but do no damage.
Your tail-slap misses Riddle's ghost.
Riddle's ghost is lightly damaged.
Riddle's ghost hits you.
* * * LOW HITPOINT WARNING * * *
You closely miss Riddle's ghost.
Riddle's ghost is lightly damaged.
Riddle's ghost hits you!
You die...

##.....##...
##...........
#............
#....).......
#<..?........
#............
#............
#..W........>
##.@.........
##.....#..>.
#########..


You could see Riddle's ghost.

Vanquished Creatures
  An ogre (D:4)
  A scorpion (D:4)
  2 hounds
  A bullfrog skeleton (D:4)
  2 orc priests (D:4)
  2 orc wizards (D:3)
  A centaur skeleton (D:4)
  2 iguanas (D:5)
  2 worker ants
  A hound skeleton (D:5)
  6 gnolls
  4 adders
  4 worms (D:3)
  A dart slug (D:2)
  2 leopard geckos
  7 orcs (D:4)
  3 bats
  5 giant cockroaches
  4 hobgoblins
  4 jackals
  A quokka (D:3)
  A ball python (D:2)
  7 frilled lizards
  6 goblins
  3 kobolds
  6 rats
  4 fungi (D:3)
  A plant (D:3)
84 creatures vanquished.

Vanquished Creatures (others)
  A plant (D:3)
1 creature vanquished.

Grand Total: 85 creatures vanquished

Notes
Turn   | Place    | Note
-------+----------+-------------------------------------------
     0 | D:1      | donio6 the Draconian Berserker began the quest for the Orb.
     0 | D:1      | Reached XP level 1. HP: 19/19 MP: 1/1
  1019 | D:2      | Reached XP level 2. HP: 26/26 MP: 2/2
  2008 | D:2      | Reached XP level 3. HP: 29/33 MP: 3/3
  2185 | D:3      | Found a hazy altar of Hepliaklqana.
  2585 | D:3      | Reached ** piety under Trog
  2944 | D:3      | Reached XP level 4. HP: 40/40 MP: 4/4
  3049 | D:3      | Reached skill level 4 in Long Blades
  3057 | D:3      | Reached skill level 1 in Stealth
  3309 | D:3      | Reached XP level 5. HP: 47/47 MP: 5/5
  3501 | D:3      | Found a white marble altar of Elyvilon.
  4409 | D:4      | Reached skill level 5 in Long Blades
  4409 | D:4      | Reached XP level 6. HP: 53/53 MP: 6/6
  4412 | D:4      | Found a radiant altar of Vehumet.
  5172 | D:4      | Reached skill level 5 in Fighting
  6151 | D:5      | Entered Level 5 of the Dungeon
  6167 | D:5      | Reached skill level 6 in Long Blades
  6167 | D:5      | Your scales start taking on a lurid green colour.
  6167 | D:5      | Reached XP level 7. HP: 56/61 MP: 7/7
  6167 | D:5      | Gained mutation: Your system is resistant to poisons.
                  | (rPois) [Green Draconian growth]
  6581 | D:5      | Found a snail-covered altar of Cheibriados.
  6817 | D:5      | Found a runed gate.
  6817 | D:5      | Found a runed gate.
  6817 | D:5      | Found a runed gate.
  6817 | D:5      | Noticed Riddle's ghost (novice FoCK)
  6818 | D:5      | Noticed purescai's ghost (novice CeAM)
  6819 | D:5      | Noticed Skull's ghost (novice GrEE)
  6823 | D:5      | Noticed lllmatko's ghost (novice MiBe)
  6916 | D:6      | HP: 1/61 [Riddle's ghost (7)]
  6933 | D:6      | Slain by Riddle's ghost

Skill      XL: |  1  2  3  4  5  6 |
---------------+-------------------+-----
Dodging        | 3 4 |  4.3
Fighting       | 4 5 |  5.2
Long Blades    | 4 5 6 |  6.3
Stealth        | 1 |  1.7

Action                   |  1- 3 |  4- 6 |  7- 9 || total
-------------------------+-------+-------+-------++-------
Melee: Falchion          |   151 |   195 |    68 ||   414
       Tailslap          |    25 |    32 |    13 ||    70
  Use: Potion            |     2 |     1 |     2 ||     5
       Scroll            |     1 |     3 |     1 ||     5
  Eat: Chunk             |     6 |     5 |     2 ||    13
       Ration            |       |     3 |       ||     3
Armor: Skin              |    32 |    35 |    23 ||    90
Dodge: Dodged            |    64 |    83 |    63 ||   210
       Rpst.: Falchion   |    22 |    21 |    18 ||    61
